 Dungeon Crawl Stone Soup version 0.18.0-1-g0107ab7 (webtiles) character file.

215731 Groucho the Spry (level 18, 0/93 HPs)
             Began as a Spriggan Enchanter on May 2, 2016.
             Was the Champion of Dithmenos.
             Slain by the 27-headed Lernaean hydra (12 damage)
             ... on level 4 of the Swamp on May 5, 2016.
             The game lasted 04:29:56 (61579 turns).

Groucho the Spry (Spriggan Enchanter)              Turns: 61579, Time: 04:29:57

Health: 0/93       AC: 14    Str:  7    XL:     18   Next: 34%
Magic:  36/37      EV: 34    Int: 22    God:    Dithmenos [******]
Gold:   805        SH: 15    Dex: 21    Spells: 11 memorised, 9 levels left

rFire  + . .     SeeInvis +     t - +7 short sword (protect)
rCold  . . .     Gourm    .     D - +2 robe {rF+}
rNeg   . . .     Faith    .     L - +3 warlock's mirror {reflect}
rPois  +         Spirit   .     J - +2 hat
rElec  +         Dismiss  .     K - +2 cloak {rPois}
rCorr  .         Reflect  +     (gloves unavailable)
SustAt .         Harm     .     (boots unavailable)
MR     +++..                    b - +3 amulet of reflection
Stlth  ++++++++++               W - +3 ring of intelligence
                                X - ring "Qaitil" {+Fly rElec Str+3 Int-5 Dex+4}

@: flying, very slightly contaminated, hasted, wreathed by umbra, very quick,
extremely resistant to hostile enchantments, uncannily stealthy
A: unfitting armour, see invisible, herbivore 3, speed 3, slow metabolism 2
a: Shadow Step, Shadow Form, Renounce Religion, Stop Flying
}: 1/15 runes: gossamer


You were on level 4 of the Swamp.
You worshipped Dithmenos.
Dithmenos was exalted by your worship.
You were not hungry.

You visited 6 branches of the dungeon, and saw 34 of its levels.
You also visited: Labyrinth and Ice Cave.

You collected 3224 gold pieces.
You spent 2419 gold pieces at shops.

Inventory:

Hand Weapons
 t - a +7 short sword of protection (weapon)
 S - the +0 rapier "Fahodwick" {elec, rPois Dex+9}
   (You acquired it on level 1 of the Spider Nest)

   Occasionally, upon striking a foe, it will discharge some electrical energy
   and cause terrible harm.
   It affects your dexterity (+9).
   It protects you from poison.
Armour
 C - a +2 robe of cold resistance
 D - a +2 robe of fire resistance (worn)
 J - a +2 hat (worn)
 K - a +2 cloak of poison resistance (worn)
 L - the +3 warlock's mirror (worn) {reflect}
   (You found it on level 9 of the Dungeon)
Jewellery
 b - a +3 amulet of reflection (around neck)
 s - an uncursed ring of positive energy
 w - an uncursed ring of protection from fire
 y - an uncursed amulet of magic regeneration
 W - a +3 ring of intelligence (right hand)
 X - the ring "Qaitil" (left hand) {+Fly rElec Str+3 Int-5 Dex+4}
   (You acquired it on level 2 of the Orcish Mines)

   [ring of flight]

   It affects your strength (+3).
   It affects your intelligence (-5).
   It affects your dexterity (+4).
   It insulates you from electricity.
   It lets you fly.
 Z - the ring of Ytoep {rC+ rN+++ MR- SInv}
   (You found it in a labyrinth)

   [ring of protection from cold]

   It protects you from cold.
   It renders you almost immune to negative energy.
   It affects your resistance to hostile enchantments.
   It lets you see invisible.
Wands
 f - a wand of acid (0/15)
 j - a wand of heal wounds (7/9)
 u - a wand of digging (15/24)
 v - a wand of lightning (7/15)
 A - a wand of enslavement (11/24)
 E - a wand of paralysis (8/24)
 H - a wand of iceblast (2/15)
 N - a wand of disintegration (7/24)
 U - a wand of iceblast (8/15)
 V - a wand of hasting (5/9)
Scrolls
 c - 3 scrolls of summoning
 e - 10 scrolls of fog
 g - 14 scrolls of identify
 h - 3 scrolls of teleportation
 i - 14 scrolls of remove curse
 k - a scroll of recharging
 l - a scroll of enchant armour
 n - 3 scrolls of magic mapping
 o - 6 scrolls of amnesia
 M - a scroll of blinking
 Y - 3 scrolls of fear
Potions
 a - a potion of haste
 m - 4 potions of cure mutation
 p - 3 potions of agility
 q - a potion of resistance
 r - a potion of magic {unknown}
 x - 2 potions of might {unknown}
 B - a potion of cancellation {unknown}
 F - 3 potions of mutation {unknown}
 G - 10 potions of curing
 I - 5 potions of brilliance
 Q - 3 potions of flight
 R - 2 potions of invisibility
 T - 4 potions of ambrosia
Books
 O - a book of Envenomations

   Spells                             Type                      Level
   a - Spider Form                    Transmutation/Poison         3
   b - Olgreb's Toxic Radiance        Poison                       4
   c - Alistair's Intoxication        Transmutation/Poison         5
   d - Poisonous Cloud                Conjuration/Poison/Air       6
Comestibles
 d - 5 bread rations
 z - 2 fruits


   Skills:
 * Level 10.1 Fighting
 * Level 12.5 Short Blades
 * Level 15.9 Dodging
 + Level 13.4 Stealth
 * Level 8.8 Shields
 * Level 14.3 Spellcasting
 + Level 5.9 Conjurations
 + Level 14.0 Hexes
 * Level 7.6 Charms
 * Level 6.5 Necromancy
 * Level 9.9 Translocations
 + Level 8.7 Transmutations
 * Level 4.8 Air Magic
 + Level 9.9 Evocations


You had 9 spell levels left.
You knew the following spells:

 Your Spells              Type           Power        Failure   Level  Hunger
a - Necromutation         Trmt/Necr      #####.....   100%        8    #######
b - Ensorcelled Hibernat  Hex/Ice        #####.       1%          2    None
c - Confuse               Hex            ######..     1%          3    None
d - Dazzling Spray        Conj/Hex       ######..     1%          3    None
e - Tukima's Dance        Hex            ######..     1%          3    None
f - Invisibility          Hex            ######..     1%          6    #####..
g - Apportation           Tloc           ######....   1%          1    None
h - Summon Butterflies    Summ           ###.....     4%          1    None
i - Dispel Undead         Necr           #####...     10%         5    ###....
j - Blink                 Tloc           N/A          1%          2    None
k - Repel Missiles        Chrm/Air       #####.       1%          2    None


Dungeon Overview and Level Annotations

Branches:
Dungeon (15/15)            Temple (1/1) D:7            Lair (8/8) D:10
  Swamp (4/4) Lair:4       Spider (4/4) Lair:3        Slime (0/6) Lair:6
    Orc (2/2) D:11            Elf (0/3) Orc:2        Vaults (0/5) D:13
 Depths (0/5) D:15

Altars:
Ashenzari
Cheibriados
Dithmenos
Elyvilon
Fedhas
Gozag
Kikubaaqudgha
Makhleb
Nemelex Xobeh
Okawaru
Pakellas
Qazlal
Ru
Sif Muna
Trog
Vehumet
Xom
Yredelemnul
Zin
The Shining One

Shops:
D:4 =   D:10 !   D:12 *   Orc:2 [%(?[[?%(

Annotations:
Swamp:4 Lernaean hydra


Innate Abilities, Weirdness & Mutations

You are tiny and cannot use many weapons and most armour.
You have supernaturally acute eyesight.
You are a herbivore.
You cover ground extremely quickly.
You need consume almost no food.


Message History

The eight-headed hydra misses you.
You block the eight-headed hydra's attack.
The 27-headed Lernaean hydra bites you but does no damage.
The 27-headed Lernaean hydra completely misses you. x2
The 27-headed Lernaean hydra barely misses you.
You block the 27-headed Lernaean hydra's attack.
The 27-headed Lernaean hydra bites you.
* * * LOW HITPOINT WARNING * * *
The 27-headed Lernaean hydra bites you.
* * * LOW HITPOINT WARNING * * *
The 27-headed Lernaean hydra misses you.
The 27-headed Lernaean hydra completely misses you.
The 27-headed Lernaean hydra bites you.
* * * LOW HITPOINT WARNING * * *
The 27-headed Lernaean hydra bites you but does no damage. x2
The 27-headed Lernaean hydra completely misses you.
You block the 27-headed Lernaean hydra's attack.
The 27-headed Lernaean hydra completely misses you.
The 27-headed Lernaean hydra bites you!
You die...

♣.≈D§§..≈≈≈≈≈≈≈≈≈≈.♣..≈≈≈.≈...♣♣♣
≈.§§DD≈♣.≈≈D.≈≈≈≈≈≈.÷.≈≈.≈♣≈≈≈.♣♣
..#§yD.♣♣♣♣♣...≈.≈≈♣♣.≈≈.§.≈≈≈.♣♣
≈....≈.♣ ♣.≈.≈♣...≈≈≈≈≈≈..≈≈§.♣
.≈.≈.≈≈♣ ♣♣♣..♣≈..≈≈≈≈≈≈.≈≈≈...
...≈≈.♣♣ ♣≈≈≈§§§..≈≈≈≈≈.≈.≈≈.≈
..♣♣♣♣♣ ♣♣♣♣≈.§§§§...≈.≈≈≈♣♣♣♣♣≈
♣♣♣♣ ♣...≈[♣DD≈§≈≈≈.≈≈.≈≈≈♣♣≈
..§♣ ♣≈.≈≈§§@§≈≈.♣≈≈..<≈≈≈≈≈.
§≈.♣ ♣♣♣♣.≈§§§≈≈≈≈♣♣≈...≈≈≈♣..
≈≈≈♣♣ ♣.♣♣♣.§.≈≈...♣♣♣.♣.≈≈≈..≈
≈...♣♣♣♣♣≈♣♣♣<%.≈....♣♣♣♣♣♣≈≈≈≈♣♣
.♣♣.†.≈§≈≈≈♣♣†.≈≈.≈≈.♣♣.≈.♣♣≈≈§§♣
≈♣♣≈≈.♣≈.≈≈.♣♣.≈≈♣§≈.♣.≈≈≈♣♣.≈≈.♣
≈≈†....≈...♣♣<≈≈≈.≈..≈....≈.≈..♣♣
.≈≈.≈≈.≈≈♣≈÷.≈≈≈≈≈≈.≈≈.....≈..≈.≈
≈.≈......♣♣≈≈≈≈≈≈≈≈≈≈≈≈♣♣.....≈.♣


You could see the 27-headed Lernaean hydra and an eight-headed hydra.

Vanquished Creatures
  Rupert (Lair:6)
  The ghost of DrakieV the Brawler, an adept TrMo of Trog (Swamp:4)
  5 thorn hunters
  The ghost of swiech the Severer, an adept MiBe of Trog (Spider:3)
  Kirke (Lair:8)
  Roxanne (Spider:1)
  Donald (Spider:4)
  4 ghost moths (Spider:4)
  3 emperor scorpions
  2 very ugly things
  6 spark wasps
  A minotaur (Lab)
  6 vault guards (D:13)
  Josephine (Orc:2)
  5 entropy weavers
  Harold (D:11)
  19 hydras
  An ogre mage (D:15)
  3 catoblepae (Lair:8)
  2 centaur warriors
  9 alligators
  The ghost of mrAntonBest the Transmogrifier, a novice NaTm of Cheibriados (D:8)
  A queen ant (Lair:6)
  9 death yaks (Lair:8)
  A tengu warrior (D:15)
  8 orc high priests
  4 spriggans
  An unseen horror (D:14)
  5 spriggan druids
  A giant orange brain (D:15)
  9 swamp dragons
  4 hill giants
  A necromancer (IceCv)
  Pikel (D:6)
  2 griffons
  21 ugly things
  2 cyclopes (D:12)
  An orc sorcerer (Orc:2)
  7 orc knights
  15 orb spiders
  9 hornets
  A manticore (D:11)
  17 wolf spiders
  An elephant (D:10)
  2 moths of wrath (Spider:1)
  Joseph (D:7)
  4 black mambas
  3 centaur skeletons
  3 ice statues (IceCv)
  15 spiny frogs
  3 torpor snails
  A rime drake (Lair:5)
  11 demonic crawlers
  6 ice devils (IceCv)
  An efreet (D:14)
  14 komodo dragons
  27 jumping spiders
  2 polar bears
  7 trolls
  6 giant leeches
  A two-headed ogre (D:11)
  A minotaur skeleton (Lab)
  11 bog bodies
  A queen bee (D:8)
  2 boulder beetles
  43 slime creatures
  11 blink frogs
  Sigmund (D:5)
  A shadow (D:12)
  87 redbacks
  3 vampires
  32 tarantellas
  A basilisk (Lab)
  6 humans (D:7)
  4 wraiths (Orc:2)
  4 wyverns
  56 yaks
  16 vampire mosquitoes
  11 hippogriffs
  7 hungry ghosts
  5 wargs
  20 soldier ants (Lair:6)
  Edmund (D:6)
  2 mottled dragons (D:11)
  20 water moccasins
  7 insubstantial wisps (Swamp:3)
  16 swamp worms
  10 porcupines
  14 swamp drakes
  8 sky beasts
  5 ice beasts
  An eye of draining (shapeshifter) (D:15)
  5 phantoms
  2 black bears
  6 wasps
  41 orc warriors
  9 centaurs
  4 wolves (Lair:3)
  9 ogres
  14 crocodiles
  16 giant frogs
  2 wyvern skeletons
  6 scorpions
  Dowan (D:6)
  31 killer bees
  A howler monkey (D:6)
  21 wights
  5 electric eels
  7 crimson imps
  2 centaur zombies
  A giant frog zombie (D:9)
  A quasit (D:7)
  12 hounds
  5 draconian simulacra (IceCv)
  A wasp zombie (D:8)
  2 gnoll shamans
  8 jellies
  31 orc priests
  2 giant frog skeletons
  Jessica (D:7)
  10 iguanas
  17 orc wizards
  26 worker ants
  A troll simulacrum (IceCv)
  A killer bee zombie (D:11)
  27 sheep
  4 centaur simulacra (IceCv)
  A hound skeleton (D:10)
  A worker ant zombie (D:5)
  9 adders
  6 gnolls
  52 river rats
  5 shadow imps
  An ooze (D:3)
  2 adder skeletons
  2 worms
  3 dart slugs
  6 giant geckos
  95 orcs
  2 bats (D:1)
  6 giant cockroaches
  8 hobgoblins
  8 jackals
  4 kobolds
  5 quokkas
  3 ball pythons
  4 giant newts
  6 goblins
  A quokka zombie (D:7)
  3 rats
  A fungus (Lair:6)
  A plant (Lair:3)
1277 creatures vanquished.

Vanquished Creatures (collateral kills)
  2 vault guards (D:13)
  2 orc knights (Orc:1)
  2 hill giants
  An orc sorcerer (Orc:1)
  An ugly thing (D:15)
  8 two-headed ogres
  A troll (Orc:2)
  A redback (Spider:3)
  A warg (Orc:1)
  5 orc warriors
  4 ogres
  2 orc priests (Orc:1)
  5 orc wizards
  3 gnolls
  10 orcs
48 creatures vanquished.

Vanquished Creatures (others)
  A hornet (Swamp:4)
  2 redbacks
  Duvessa (D:6)
  4 slaves (D:6)
  A centaur (D:15)
  An orc (Orc:2)
  3 fungi
13 creatures vanquished.

Grand Total: 1338 creatures vanquished

Notes
Turn   | Place    | Note
--------------------------------------------------------------
     0 | D:1      | Groucho the Spriggan Enchanter began the quest for the Orb.
     0 | D:1      | Reached XP level 1. HP: 9/9 MP: 5/5
    95 | D:1      | Reached XP level 2. HP: 7/13 MP: 6/6
   519 | D:1      | Learned a level 2 spell: Ensorcelled Hibernation
  1985 | D:2      | Found an oddly glowing altar of Pakellas.
  2078 | D:2      | Reached XP level 3. HP: 5/17 MP: 5/8
  2520 | D:2      | Learned a level 3 spell: Confuse
  2957 | D:3      | Reached XP level 4. HP: 16/21 MP: 4/9
  3110 | D:3      | Reached skill level 1 in Fighting
  3505 | D:3      | Found an ancient bone altar of Kikubaaqudgha.
  3807 | D:4      | Noticed an ogre
  4083 | D:4      | Found a blossoming altar of Fedhas.
  4112 | D:4      | Reached skill level 4 in Dodging
  4112 | D:4      | Reached XP level 5. HP: 20/25 MP: 6/11
  4357 | D:4      | Found Miqil's Jewellery Boutique.
  4378 | D:4      | Reached skill level 5 in Hexes
  4450 | D:4      | Killed an ogre
  4450 | D:4      | Reached skill level 5 in Stealth
  4463 | D:4      | Reached XP level 6. HP: 30/30 MP: 4/13
  4709 | D:4      | Learned a level 3 spell: Dazzling Spray
  4713 | D:4      | Learned a level 3 spell: Tukima's Dance
  4714 | D:4      | Noticed a troll
  4739 | D:4      | Killed a troll
  4996 | D:4      | Reached XP level 7. HP: 34/34 MP: 7/15
  5020 | D:4      | Reached skill level 5 in Dodging
  5020 | D:4      | Reached skill level 5 in Spellcasting
  5418 | D:4      | HP: 1/51 [orc priest/divine providence (10)]
  6210 | D:5      | Entered Level 5 of the Dungeon
  6641 | D:5      | Noticed Sigmund
  6665 | D:5      | Killed Sigmund
  6665 | D:5      | Reached XP level 8. HP: 39/39 MP: 12/18
  7048 | D:5      | Reached skill level 6 in Dodging
  7382 | D:5      | Found a shimmering altar of Xom.
  7572 | D:6      | Noticed Pikel
  7591 | D:6      | Killed Pikel
  7615 | D:6      | Noticed Dowan
  7622 | D:6      | Noticed Duvessa
  7623 | D:6      | Killed Dowan
  7623 | D:6      | Reached XP level 9. HP: 25/44 MP: 10/21
  7644 | D:6      | Killed Duvessa
  8028 | D:6      | Noticed a troll
  8288 | D:6      | Found a snail-covered altar of Cheibriados.
  8389 | D:6      | Noticed Edmund
  8406 | D:6      | Killed Edmund
  8445 | D:6      | Reached skill level 7 in Dodging
  8445 | D:6      | Reached skill level 1 in Evocations
  8829 | D:7      | Reached skill level 5 in Short Blades
  8928 | D:7      | Reached skill level 1 in Shields
  9211 | D:7      | Noticed Jessica
  9239 | D:7      | Reached skill level 1 in Conjurations
  9281 | D:7      | Killed Jessica
  9839 | D:7      | Reached XP level 10. HP: 49/49 MP: 20/23
  9887 | D:7      | Found a staircase to the Ecumenical Temple.
 10057 | Temple   | Entered the Ecumenical Temple
 10108 | Temple   | Became a worshipper of Dithmenos the Shadowed
 10217 | D:7      | Noticed Joseph
 10246 | D:8      | Reached skill level 8 in Dodging
 10289 | D:7      | Killed Joseph
 10320 | D:7      | Upgraded the game from 0.18-b1-18-g7758cf2 to 0.18-b1-22-ge198996
 10539 | D:8      | Noticed mrAntonBest's ghost (novice NaTm)
 10564 | D:8      | Killed mrAntonBest's ghost
 10845 | D:8      | Reached skill level 9 in Dodging
 10980 | D:8      | Reached * piety under Dithmenos
 11076 | D:8      | Got a dull robe
 11097 | D:8      | Identified the +1 robe of the Unseen Realm {-Tele rF+ Int+4} (You found it on level 8 of the Dungeon)
 12243 | D:7      | Reached skill level 5 in Fighting
 12419 | D:8      | Reached XP level 11. HP: 55/55 MP: 14/25
 12683 | D:9      | Found a glowing golden altar of the Shining One.
 12797 | D:9      | Found a white marble altar of Elyvilon.
 12828 | D:9      | Found a deep blue altar of Sif Muna.
 12976 | D:9      | Reached ** piety under Dithmenos
 13712 | D:9      | Found a bloodstained altar of Trog.
 13716 | D:9      | Found a stormy altar of Qazlal.
 13719 | D:9      | Found a burning altar of Makhleb.
 13929 | D:10     | Entered Level 10 of the Dungeon
 14373 | D:10     | Reached skill level 10 in Hexes
 14554 | D:10     | Found a staircase to the Lair.
 14583 | D:10     | Reached skill level 10 in Dodging
 14932 | D:10     | Found Siogim's Distillery.
 14938 | D:10     | Bought a potion of curing for 30 gold pieces
 14938 | D:10     | Bought a potion of curing for 30 gold pieces
 14938 | D:10     | Bought a potion of brilliance for 40 gold pieces
 14938 | D:10     | Bought a potion of heal wounds for 50 gold pieces
 14938 | D:10     | Bought 2 potions of flight for 60 gold pieces
 14938 | D:10     | Bought a potion of degeneration for 10 gold pieces
 14938 | D:10     | Bought a potion of agility for 40 gold pieces
 14938 | D:10     | Bought a potion of invisibility for 80 gold pieces
 14938 | D:10     | Bought a potion of agility for 40 gold pieces
 16649 | D:11     | Reached *** piety under Dithmenos
 16790 | D:11     | Noticed a hill giant
 16802 | D:11     | Killed a hill giant
 16837 | D:11     | Noticed a hill giant
 16846 | D:11     | Killed a hill giant
 17045 | D:11     | Found a staircase to the Orcish Mines.
 17051 | D:11     | Noticed Harold
 17072 | D:11     | Killed Harold
 17075 | D:11     | Reached skill level 10 in Spellcasting
 17587 | D:12     | Reached XP level 12. HP: 61/61 MP: 20/27
 17594 | D:12     | Reached skill level 5 in Evocations
 17988 | D:12     | Found Aloimp's Demolitions Depot.
 18894 | D:12     | Reached skill level 10 in Stealth
 19160 | D:12     | Reached skill level 11 in Dodging
 19321 | D:12     | Learned a level 8 spell: Necromutation
 19389 | D:12     | Found a sacrificial altar of Ru.
 20298 | D:13     | Reached **** piety under Dithmenos
 20316 | D:13     | Noticed a vault guard
 20448 | D:13     | Killed a vault guard
 20448 | D:13     | Reached skill level 1 in Transmutations
 20457 | D:13     | Noticed a vault guard
 20465 | D:13     | Noticed a vault guard
 20546 | D:13     | Noticed a four-headed hydra
 20569 | D:13     | Killed a four-headed hydra
 20988 | D:13     | Killed a vault guard
 21002 | D:13     | Killed a vault guard
 21302 | D:13     | Found a gate to the Vaults.
 21302 | D:13     | Noticed a vault guard
 21302 | D:13     | Noticed a vault guard
 21302 | D:13     | Noticed a vault guard
 21303 | D:13     | Noticed a vault guard
 21303 | D:13     | Noticed a vault guard
 21320 | D:13     | Killed a vault guard
 21320 | D:13     | Reached skill level 1 in Necromancy
 21334 | D:13     | Killed a vault guard
 21651 | D:13     | Killed a vault guard
 21651 | D:13     | Reached skill level 5 in Shields
 21845 | D:13     | Noticed a centaur warrior
 21852 | D:13     | Killed a centaur warrior
 22060 | D:13     | Killed a vault guard
 22060 | D:13     | Reached XP level 13. HP: 67/67 MP: 10/28
 22806 | D:13     | Reached skill level 12 in Dodging
 22885 | D:13     | Killed a vault guard
 23169 | Lair:1   | Entered Level 1 of the Lair of Beasts
 24629 | Lair:3   | Found a frozen archway.
 24664 | IceCv    | Entered an ice cave
 27189 | Lair:3   | Reached ***** piety under Dithmenos
 27811 | Lair:3   | Found a hole to the Spider Nest.
 29042 | Lair:4   | Found a staircase to the Swamp.
 30488 | Lair:5   | Got a thick robe
 30601 | Lair:5   | Reached XP level 14. HP: 72/72 MP: 27/30
 30847 | Lair:5   | Identified the +2 robe of Pragmatism {MR+ MP-9 Dex+6} (You found it on level 5 of the Lair of Beasts)
 30942 | Lair:6   | Reached skill level 10 in Short Blades
 31153 | Lair:6   | Found a labyrinth entrance.
 31162 | Lab      | Entered a labyrinth
 31671 | Lab      | Reached skill level 13 in Dodging
 31671 | Lab      | Reached skill level 5 in Transmutations
 31920 | Lab      | Got a steaming iron ring
 32116 | Lair:6   | Reached ****** piety under Dithmenos
 32212 | Lair:6   | Identified the ring of Ytoep {rC+ rN+++ MR- SInv} (You found it in a labyrinth)
 32324 | Lair:6   | Noticed Rupert
 33006 | Lair:6   | Found a staircase to the Slime Pits.
 33086 | Lair:6   | Killed Rupert
 33909 | Lair:7   | Learned a level 6 spell: Invisibility
 33911 | Lair:7   | Learned a level 1 spell: Apportation
 33913 | Lair:7   | Learned a level 1 spell: Summon Butterflies
 34506 | Lair:8   | Entered Level 8 of the Lair of Beasts
 34613 | Lair:8   | Reached skill level 1 in Translocations
 35712 | Lair:8   | Noticed Kirke
 35720 | Lair:8   | Killed Kirke
 35720 | Lair:8   | Reached XP level 15. HP: 78/78 MP: 27/32
 36157 | Orc:1    | Entered Level 1 of the Orcish Mines
 38115 | D:15     | Entered Level 15 of the Dungeon
 38550 | D:15     | Reached skill level 14 in Dodging
 38625 | D:15     | Reached skill level 5 in Translocations
 39917 | D:15     | Found a staircase to the Depths.
 40660 | Orc:2    | Entered Level 2 of the Orcish Mines
 40660 | Orc:2    | Found Doycsif's Food Shoppe.
 40923 | Orc:2    | Found Niev's Antique Armour Shop.
 41182 | Orc:2    | Bought a glowing cloak for 90 gold pieces
 41444 | Orc:2    | Found a staircase to the Elven Halls.
 41469 | Orc:2    | Found Ninan's Antique Weapon Emporium.
 41599 | Orc:2    | Found Irghupt's Magic Scroll Shoppe.
 41608 | Orc:2    | Bought a scroll of acquirement for 520 gold pieces
 41608 | Orc:2    | Bought a scroll of acquirement for 520 gold pieces
 41615 | Orc:2    | Got a heavily runed brass ring
 41617 | Orc:2    | Identified the ring "Qaitil" {+Fly rElec Str+3 Int-5 Dex+4} (You acquired it on level 2 of the Orcish Mines)
 41624 | Orc:2    | Noticed Josephine
 41641 | Orc:2    | Killed Josephine
 41653 | Orc:2    | Found Pafuu's Antique Weapon Emporium.
 43833 | Orc:2    | Reached XP level 16. HP: 84/84 MP: 27/34
 43835 | Orc:2    | Found Duopnuj's Food Shop.
 43835 | Orc:2    | Found Ymuclock's Armour Shop.
 43835 | Orc:2    | Found Otih's Magic Scroll Shop.
 43835 | Orc:2    | Found Vestrag's Armour Boutique.
 43847 | Orc:2    | Bought a +2 cloak of poison resistance for 259 gold pieces
 43847 | Orc:2    | Bought a +0 hat for 56 gold pieces
 43879 | Orc:2    | Bought a scroll of enchant weapon for 127 gold pieces
 43879 | Orc:2    | Bought a scroll of brand weapon for 340 gold pieces
 43879 | Orc:2    | Bought a scroll of enchant armour for 127 gold pieces
 44231 | Spider:1 | Entered Level 1 of the Spider Nest
 44258 | Spider:1 | Learned a level 5 spell: Dispel Undead
 44558 | Spider:1 | Got a warped rapier
 44559 | Spider:1 | Identified the +0 rapier "Fahodwick" {elec, rPois Dex+9} (You acquired it on level 1 of the Spider Nest)
 45417 | Spider:1 | Reached skill level 5 in Conjurations
 45701 | Spider:1 | Reached skill level 5 in Necromancy
 46185 | Spider:1 | Noticed Roxanne
 46438 | Spider:1 | Killed Roxanne
 46452 | Spider:1 | Learned a level 2 spell: Blink
 46455 | Spider:1 | Learned a level 2 spell: Repel Missiles
 46977 | Spider:2 | Reached skill level 1 in Charms
 47025 | Spider:2 | Reached skill level 1 in Air Magic
 48301 | Spider:3 | Noticed swiech's ghost (adept MiBe)
 48693 | Spider:3 | Killed swiech's ghost
 49482 | Spider:3 | HP: 2/84 [wolf spider (16)]
 50612 | Spider:4 | Entered Level 4 of the Spider Nest
 50968 | Spider:4 | Reached skill level 15 in Dodging
 51201 | Spider:4 | Reached XP level 17. HP: 88/88 MP: 31/35
 51792 | Spider:4 | Got a gossamer rune of Zot
 51970 | Spider:4 | Reached skill level 5 in Charms
 52639 | Spider:4 | Noticed Donald
 52669 | Spider:4 | Killed Donald
 53603 | Swamp:1  | Entered Level 1 of the Swamp
 55990 | Swamp:1  | Upgraded the game from 0.18-b1-22-ge198996 to 0.18.0-1-g0107ab7
 57347 | Swamp:2  | Reached skill level 10 in Fighting
 58906 | Swamp:3  | Reached XP level 18. HP: 79/93 MP: 22/37
 59532 | Swamp:4  | Entered Level 4 of the Swamp
 59777 | Swamp:4  | Noticed DrakieV's ghost (adept TrMo)
 59804 | Swamp:4  | Killed DrakieV's ghost
 61572 | Swamp:4  | Noticed the 27-headed Lernaean hydra
 61579 | Swamp:4  | Slain by the 27-headed Lernaean hydra

Skill      XL: |  1  2  3  4  5  6  7  8  9 10 11 12 13 14 15 16 17 18 |
---------------+-------------------------------------------------------+-----
Hexes          | 4 5 6 7 9 10 11 12 13 14 | 14.0
Spellcasting   | 3 4 6 7 8 9 10 11 12 13 14 | 14.3
Short Blades   | 2 3 4 5 6 8 9 10 11 12 | 12.5
Fighting       | 1 2 3 4 5 6 7 8 9 10 | 10.1
Dodging        | 4 5 6 7 9 10 11 12 13 14 15 | 15.9
Stealth        | 5 6 7 8 9 10 11 12 13 | 13.4
Evocations     | 2 3 4 5 6 7 8 9 |  9.9
Shields        | 2 3 4 5 6 7 8 |  8.8
Conjurations   | 1 2 3 4 5 |  5.9
Transmutations | 2 4 5 6 7 8 |  8.7
Necromancy     | 1 2 3 4 5 6 |  6.5
Translocations | 3 6 8 9 |  9.9
Charms         | 4 6 7 |  7.6
Air Magic      | 2 4 |  4.8

Action                   |  1- 3 |  4- 6 |  7- 9 | 10-12 | 13-15 | 16-18 || total
-------------------------+-------+-------+-------+-------+-------+-------++-------
Melee: Dagger            |   142 |    44 |    19 |       |       |       ||   205
       Short sword       |       |       |   191 |   548 |  1058 |   796 ||  2593
Throw: Stone             |       |       |       |    14 |    19 |    16 ||    49
 Cast: Ensorcelled Hiber |    14 |    23 |    58 |   213 |   416 |   292 ||  1016
       Confuse           |       |     2 |    23 |    78 |    68 |    69 ||   240
       Dazzling Spray    |       |     1 |     8 |    33 |   113 |   150 ||   305
       Tukima's Dance    |       |       |       |    21 |    42 |       ||    63
       Invisibility      |       |       |       |       |     9 |    30 ||    39
       Apportation       |       |       |       |       |     1 |       ||     1
Invok: Shadow Step       |       |       |       |       |     3 |     1 ||     4
 Abil: Evoke Flight      |       |       |       |       |       |    18 ||    18
Evoke: Wand              |       |       |       |     1 |    17 |     8 ||    26
  Use: Scroll            |       |     1 |     3 |     9 |    27 |    11 ||    51
       Potion            |       |       |     5 |     4 |     3 |    13 ||    25
 Stab: Sleeping          |    15 |    21 |    51 |   164 |   387 |   257 ||   895
       Confused          |       |       |    20 |    68 |    46 |    36 ||   170
       Invisible         |       |       |       |     7 |    79 |   109 ||   195
       Distracted        |       |       |       |     1 |     5 |       ||     6
       Paralysed         |       |       |       |       |     6 |     2 ||     8
       Held in net/web   |       |       |       |       |       |     3 ||     3
  Eat: Bread ration      |     1 |       |     1 |     2 |     2 |     5 ||    11
       Fruit             |       |       |       |     1 |    15 |     2 ||    18
       Pizza             |       |       |       |     1 |       |       ||     1
Armor: Robe              |    15 |     2 |     2 |     6 |    21 |    78 ||   124
Dodge: Dodged            |   101 |    23 |   123 |   258 |   443 |   832 ||  1780
Block: Buckler           |       |       |       |   106 |   351 |   545 ||  1002
       Reflection        |       |       |       |     2 |    19 |    14 ||    35
